[Event "*** Titled Tuesday Blitz"]
[Site "Chess.com"]
[Date "2019.09.03"]
[Round "9"]
[White "chessdjw"]
[Black "xberli"]
[Result "1-0"]
[WhiteElo "2673"]
[BlackElo "2464"]
[TimeControl "180+2"]
[EndTime "17:07:05 PDT"]
[Termination "chessdjw won by resignation"]

1. d4 Nf6 2. c4 g6 3. g3 Bg7 4. Bg2 O-O 5. Nf3 c6 6. O-O d6 7.
Nc3 Bf5 8. Ng5 h6 9. e4 Be6 10.
Nxe6 fxe6 11. Bh3 e5 12. dxe5 dxe5 13. Qe2 Na6 14. Be3 Qc7 15. Rad1 Rad8 16. c5 Kh7 17.
Qc4 Nh5 18. Bg4 Nf6 19. Be6 Nb8 20. b4 Rxd1 21. Rxd1 Rd8 22. Rxd8 Qxd8 23. Kg2 h5 24. a4 Bh6 25. Bxh6 Kxh6 26. Ne2 Qd2 27. Bc8 h4 28.
Bxb7 Qd1 29. Bc8 Nbd7 30. gxh4 Kg7 31. Ng3 Nf8 32. b5 Qd8 33. Bh3 Qc7 34. Qb4 Qb7 35. b6 a6 36. Qc3 N8d7 37. Be6 Qb8 38. Qa5 Nf8 39. Bc4 Qc8 40. Qxa6 Qg4 41. Qb7 Nh5 42.
Qxe7+ 1-0

[Event "*** Titled Tuesday Blitz"]
[Site "Chess.com"]
[Date "2019.09.03"]
[Round "9"]
[White "ENEASZ"]
[Black "aa175"]
[Result "0-1"]
[WhiteElo "2522"]
[BlackElo "2307"]
[TimeControl "180+2"]
[EndTime "17:07:19 PDT"]
[Termination "aa175 won by resignation"]

1. e4 d5 2. exd5 Qxd5 3. Nc3 Qd8 4. d4 Nf6 5. Bc4 a6 6. Nf3 b5 7. Bb3 c5 8. dxc5 Qxd1+ 9. Nxd1 e6 10. Be3 Bb7 11.
a4 b4 12. a5 Nbd7 13. Ba4 Rc8 14. b3 Bxc5 15. Bxc5 Rxc5 16. Ne3 Bxf3 17. gxf3 O-O 18. Bxd7 Nxd7 19. Ra4 Ne5 20. Ke2 Nc6 21. Rd1 e5 22.
Rd5 Nd4+ 23. Kd3 Rc3+ 24. Ke4 Nxc2 25. Nxc2 Rxc2 26. Rxb4 Re2+ 27. Kf5 Rxf2 28. Rb6 Rxf3+ 29. Kxe5 Re8+ 30. Kd4 g6 31. b4 Rf4+ 32. Kc5 Ree4 33. b5 axb5 34. a6 Rc4+ 35. Kxb5 Rb4+ 36. Kc6 Rf6+ 37.
Kc7 Rfxb6 38. a7 Rb7+ 39. Kc6 Rxa7 40. Rd8+ Kg7 41. Kc5 Rb1 42. Kc4 Rc7+ 43. Kd3 Rd1+ 44. Ke2 Rxd8 0-1

[Event "*** Titled Tuesday Blitz"]
[Site "Chess.com"]
[Date "2019.09.03"]
[Round "9"]
[White "joshdaruca"]
[Black "Kumi29"]
[Result "1-0"]
[WhiteElo "2731"]
[BlackElo "2534"]
[TimeControl "180+2"]
[EndTime "17:07:22 PDT"]
[Termination "joshdaruca won by resignation"]

1. Nf3 e6 2. g3 b5 3. Bg2 Bb7 4. O-O Nf6 5. b3 d5 6. c4 bxc4 7. bxc4 dxc4 8. Na3 c3 9. d3 Be7 10. Rb1 Bc6 11. Qb3 Nbd7 12. Qxc3 Bd5 13. e4 Nxe4 14.
dxe4 Bxe4 15. Nd4 Bxb1 16. Nc6 Qc8 17. Nxe7 Kxe7 18. Bxa8 Qxa8 19. Nxb1 Rb8 20. Ba3+ Ke8 21. Qxg7 c5 22. Qg8+ Ke7 23. Qg5+ Kf8 24. Bxc5+ Nxc5 25. Qxc5+ Kg8 26. Nc3 Rb2 27. Qg5+ Kf8 28. Qf6 Qb7 29. Qh8+ Ke7 30. Rd1 Qb6 31. Ne4 Rb1 32. Qf6+ Kf8 33. Qh6+ Ke7 34. Qd2 Rxd1+ 35. Qxd1 Qb4 36. Qe2 a5 37. h4 a4 38. Qc2 Qe1+ 39. Kg2 a3 40.
Qc7+ Kf8 41. Qc5+ Kg7 42. Qc3+ Qxc3 43. Nxc3 Kf6 44. Nb1 Ke5 45. Nxa3 Kd4 46. Nb1 1-0

[Event "*** Titled Tuesday Blitz"]
[Site "Chess.com"]
[Date "2019.09.03"]
[Round "9"]
[White "Bladel"]
[Black "DrMelekess"]
[Result "1-0"]
[WhiteElo "2637"]
[BlackElo "2701"]
[TimeControl "180+2"]
[EndTime "17:07:24 PDT"]
[Termination "Bladel won by resignation"]

1. e4 Nc6 2. Nf3 d5 3. exd5 Qxd5 4. Nc3 Qa5 5. d4 Bg4 6. Be2 O-O-O 7. Be3 e5 8. Nxe5 Bxe2 9. Qxe2 Nxe5 10. dxe5 Qxe5 11. O-O Nf6 12. Qf3 Bd6 13. g3 a6 14. Rfe1 Rhe8 15.
Rad1 Qe6 16. Bd4 Qxe1+ 17. Rxe1 Rxe1+ 18. Kg2 Be7 19. Bxf6 Bxf6 20. Ne4 Bxb2 21. Qxf7 Kb8 22. Nc5 Ba3 23. Nxa6+ bxa6 24. Qb3+ Kc8 25. Qxa3 Re6 26. Qf3 Kb8 27. h4 Rf6 28. Qe4 Rdd6 29. Qxh7 g6 30. h5 gxh5 31. Qxh5 Kb7 32. g4 Rd2 33. Qh4 Rf8 34. g5 Ka7 35. Qg3 Rxc2 36. g6 Rc6 37. g7 Rg8 38. f4 Rf6 39. f5 Rf7 40. Qe3+ Kb7 41. Qb3+ Ka7 42. Qxf7 1-0

[Event "*** Titled Tuesday Blitz"]
[Site "Chess.com"]
[Date "2019.09.03"]
[Round "9"]
[White "Bishops83"]
[Black "Walter_White_Poland"]
[Result "1-0"]
[WhiteElo "2224"]
[BlackElo "2312"]
[TimeControl "180+2"]
[EndTime "17:07:24 PDT"]
[Termination "Bishops83 won by resignation"]

1. e4 e5 2. Nf3 Nc6 3. Bb5 a6 4.
Bxc6 dxc6 5. O-O Bg4 6. h3 h5 7.
d3 Qf6 8. Nbd2 Ne7 9. Re1 Ng6 10. d4 Bd6 11. Kf1 Bxf3 12. Nxf3 Nf4 13. Qd2 g5 14.
Qc3 exd4 15. Qxd4 Qxd4 16. Nxd4 O-O-O 17. Be3 Be5 18. Rad1 c5 19. Nf3 Bxb2 20. Nxg5 Ne6 21.
Nxf7 Rxd1 22. Rxd1 Rf8 23. Ng5 Nxg5 24. Bxg5 Bd4 25.
f4 Be5 26. g3 b5 27. Ke2 Bc3 28.
e5 c4 29. Kf3 b4 30. Ke4 a5 31.
f5 a4 32. e6 b3 33. axb3 cxb3 34. cxb3 axb3 35. e7 Re8 36. Rd8+ Kb7 37. Rxe8 b2 38. Rb8+ Kxb8 39. e8=Q+ Kb7 40. Qb5+ Kc8 41. f6 1-0

[Event "*** Titled Tuesday Blitz"]
[Site "Chess.com"]
[Date "2019.09.03"]
[Round "9"]
[White "DishonorOnYourCow"]
[Black "AllStarShark"]
[Result "1-0"]
[WhiteElo "2244"]
[BlackElo "2331"]
[TimeControl "180+2"]
[EndTime "17:07:25 PDT"]
[Termination "DishonorOnYourCow won on time"]

1. d4 d5 2. c4 dxc4 3. Nf3 Nf6 4. e3 Bg4 5. Bxc4 e6 6. h3 Bh5 7. Nbd2 Nc6 8. Be2 Bd6 9. O-O O-O 10. b3 Bg6 11. Bb2 Re8 12. Nc4 a6 13. Rc1 Rc8 14. Nce5 Bxe5 15. dxe5 Nd7 16. Bxa6 bxa6 17. Rxc6 Nb6 18.
Qxd8 Rexd8 19. Rfc1 Nd5 20. Nd4 Be4 21. Rxa6 c5 22. Nb5 Nb4 23. Ra7 Nd3 24. Rc2 Nxe5 25. Re2 Bd3 26. Rd2 Nc6 27. Rb7 Na5 28. Rb6 c4 29.
Bc3 Nc6 30. bxc4 Bxc4 31. Nd6 Bxa2 32. Nxc8 Rxc8 33. Rxc6 1-0

[Event "*** Titled Tuesday Blitz"]
[Site "Chess.com"]
[Date "2019.09.03"]
[Round "9"]
[White "FearNoEvil12"]
[Black "Caisachess"]
[Result "0-1"]
[WhiteElo "2010"]
[BlackElo "2289"]
[TimeControl "180+2"]
[EndTime "17:07:25 PDT"]
[Termination "Caisachess won by resignation"]

1. e4 e5 2. d4 exd4 3. Bc4 Nc6 4.
Nf3 Nf6 5. e5 d5 6. Bb5 Ne4 7.
Nxd4 Bd7 8. Bxc6 bxc6 9. O-O Bc5 10. f3 Ng5 11. f4 Ne4 12. Nc3 Nxc3 13. bxc3 Bb6 14. Be3 O-O 15. f5 Qe7 16. f6 Qxe5 17. Qd2 Rfe8 18. Rae1 Qh5 19. Bg5 c5 20. Nf3 c4+ 21. Nd4 c5 22. Nf3 d4 23. Ne5 Bc7 24. Bf4 Bxe5 25. Bxe5 Rxe5 26. cxd4 cxd4 27. Qxd4 Rxe1 28.
Rxe1 Be6 29. Re5 Qg4 30. Re4 Qf5 31. fxg7 Rc8 32. Re5 Qxc2 33. h3 Qd3 34. Qxa7 c3 35.
Rxe6 fxe6 36. Qe7 Qd4+ 37. Kh2 Qf4+ 38. Kh1 Rc7 39. Qxe6+ Kxg7 40. Qe5+ Qxe5 0-1

[Event "*** Titled Tuesday Blitz"]
[Site "Chess.com"]
[Date "2019.09.03"]
[Round "9"]
[White "12teen"]
[Black "Kanthecarowin"]
[Result "0-1"]
[WhiteElo "2727"]
[BlackElo "2426"]
[TimeControl "180+2"]
[EndTime "17:07:27 PDT"]
[Termination "Kanthecarowin won by resignation"]

1. g3 g6 2. Bg2 Bg7 3. d3 d6 4. Nc3 Nf6 5. e4 O-O 6. f4 c5 7. h3 Nc6 8. g4 e5 9. f5 Nd4 10. g5 Nh5 11. f6 Bxf6 12. gxf6 Qxf6 13. Nf3 Ng3 14. Rg1 Be6 15. h4 Nxf3+ 16. Qxf3 Qxh4 17.
Qf2 f5 18. exf5 Rxf5 19. Bf3 Rxf3 20. Qxf3 Ne4+ 21. Kd1 Bg4 22. Rxg4 Nf2+ 23. Ke2 Nxg4 24. Qd5+ Kh8 25. Qg2 Rf8 26. Be3 Nxe3 27. Kxe3 Qh6+ 28. Ke2 Qh5+ 29. Ke1 Qh4+ 30. Kd1 Rf2 31. Qg1 Qf4 32. Qe1 Qf3+ 33. Ne2 Rf1 34. Kd2 Rxe1 35. Rxe1 h5 36. Rg1 Kh7 37. Rg3 Qf5 38. Rg1 h4 39. Ke3 d5 40. c3 d4+ 41. cxd4 cxd4+ 42. Kd2 h3 43. Ke1 g5 44. Rf1 Qxd3 45. Rf6 h2 0-1

[Event "*** Titled Tuesday Blitz"]
[Site "Chess.com"]
[Date "2019.09.03"]
[Round "9"]
[White "Jospem"]
[Black "patrisiii123"]
[Result "1-0"]
[WhiteElo "2919"]
[BlackElo "2466"]
[TimeControl "180+2"]
[EndTime "17:07:30 PDT"]
[Termination "Jospem won by resignation"]

1. c4 c5 2. g3 Nc6 3. Bg2 g6 4. Nc3 Bg7 5. e3 e6 6. Nge2 Nge7 7. d3 O-O 8. O-O d5 9. Rb1 b6 10. b3 Bb7 11. Bb2 d4 12. exd4 cxd4 13. Nb5 e5 14.
Ba3 Na5 15. f4 Bxg2 16. Kxg2 a6 17. Nd6 Qd7 18. Qd2 Nac6 19. Rbe1 Rad8 20. fxe5 Bxe5 21. Ne4 Nf5 22. Bxf8 Ne3+ 23. Kg1 Nxf1 24. Rxf1 Rxf8 25. Nf4 Bg7 26. Nd5 f5 27. Ng5 h6 28. Nf3 b5 29.
Re1 Re8 30. Rf1 Ne7 31. Nf4 g5 32. Nh5 Ng6 33. Nxg7 Kxg7 34. Qa5 bxc4 35. bxc4 Qd6 36. Qxf5 Rf8 37. Qe4 Rf7 38. Qxd4+ Qxd4+ 39. Nxd4 Rd7 40. Nf5+ Kh7 41. d4 h5 42. c5 Rd5 43. c6 g4 44.
c7 Ne7 45. Nxe7 1-0

[Event "*** Titled Tuesday Blitz"]
[Site "Chess.com"]
[Date "2019.09.03"]
[Round "9"]
[White "juniortay"]
[Black "ALEXJR20"]
[Result "1-0"]
[WhiteElo "2416"]
[BlackElo "2231"]
[TimeControl "180+2"]
[EndTime "17:07:30 PDT"]
[Termination "juniortay won on time"]

1. e4 c5 2. Nf3 d6 3. d4 cxd4 4. Nxd4 Nf6 5. Nc3 a6 6. f4 e6 7. Nf3 Be7 8. Bd3 b5 9. a3 Nbd7 10. O-O Qc7 11. Qe1 O-O 12. Kh1 Bb7 13. e5 Nd5 14. Ne4 dxe5 15. fxe5 Nxe5 16. Nxe5 Qxe5 17. Bd2 Qh5 18. Rf3 f5 19. Rh3 Qg6 20. Rg3 Qf7 21.
Ng5 Bxg5 22. Bxg5 h6 23. Bxh6 g6 24. Qe5 Qf6 25. Qxf6 Rxf6 26. Bg5 Rf7 27. Re1 Re8 28. Rge3 Nc7 29. Bf4 Bc8 30. Be5 Nd5 31. Rg3 Rg7 32. h4 Kf7 33. Bxg7 Kxg7 34. h5 Rh8 35. Rxg6+ Kf7 36. Rg5 Nf4 37. Kg1 Kf6 38. Rg3 Rxh5 39. Kf2 Bb7 40. Bf1 e5 41. Rc3 Bd5 42. Rc5 Rg5 43.
g3 1-0

[Event "*** Titled Tuesday Blitz"]
[Site "Chess.com"]
[Date "2019.09.03"]
[Round "9"]
[White "abubakrtagelsir"]
[Black "novocane"]
[Result "1-0"]
[WhiteElo "2258"]
[BlackElo "2181"]
[TimeControl "180+2"]
[EndTime "17:07:31 PDT"]
[Termination "abubakrtagelsir won by resignation"]

1. Nf3 c5 2. g3 b6 3. Bg2 Bb7 4. O-O e6 5. d3 Nf6 6. Nbd2 d6 7. e4 Nbd7 8. Re1 Be7 9. Nf1 Qc7 10. h4 O-O 11. Bf4 Ne5 12. Nxe5 dxe5 13. Be3 Rfd8 14.
Qe2 c4 15. g4 cxd3 16. cxd3 Rac8 17. g5 Ne8 18. Rec1 Qd6 19. Rxc8 Bxc8 20. Rd1 Ba6 21. Ng3 Bxd3 22. Qg4 Be2 23. Rxd6 Bxg4 24. Rxd8 Bxd8 25. f3 Bxf3 26. Bxf3 Nd6 27. Bd2 Nc4 28. Bc3 h6 29.
Be2 Ne3 30. Kf2 hxg5 31. Kxe3 gxh4 32. Nh1 f6 33. Be1 g5 34. Bg4 Kf7 35. Nf2 Bc7 36.
Nd3 Bd6 37. Bb4 Bc7 38. a4 a5 39. Ba3 Bb8 40. b3 Bc7 41. Nb2 Bd8 42. Nc4 Bc7 43. Kf3 Kg6 44. Bxe6 Kh5 45. Bg4+ Kg6 46.
Bd6 Bd8 47. Ne3 1-0

[Event "*** Titled Tuesday Blitz"]
[Site "Chess.com"]
[Date "2019.09.03"]
[Round "9"]
[White "przemekpiotrowski"]
[Black "Kimster98"]
[Result "1-0"]
[WhiteElo "2425"]
[BlackElo "2588"]
[TimeControl "180+2"]
[EndTime "17:07:33 PDT"]
[Termination "przemekpiotrowski won by resignation"]

1. d4 d5 2. Nf3 Nf6 3. g3 b5 4. Bg2 e6 5. O-O Nbd7 6. a4 b4 7. c3 c5 8. cxb4 cxb4 9. Nbd2 Bb7 10. Nb3 a5 11. Bf4 Be7 12. Rc1 Rc8 13. Rxc8 Bxc8 14. Qc2 Bb7 15. Bc7 Qc8 16. Nxa5 O-O 17. Rc1 Ba6 18. e3 Ne4 19. Nc6 Bf6 20. Nxb4 Bc4 21. Be5 Qb7 22. b3 Qxb4 23. bxc4 Bxe5 24. Nxe5 Nxe5 25. dxe5 Rc8 26. Rb1 Qa5 27. Bxe4 dxe4 28. c5 h6 29. Rb5 Qa8 30. Qc4 Rc7 31. Qb4 Qd5 32. Qd4 Qa8 33. h4 h5 34. Qd6 Rc8 35.
Qd1 g6 36. Kg2 Rd8 37. Qc2 Qd5 38. c6 1-0

[Event "*** Titled Tuesday Blitz"]
[Site "Chess.com"]
[Date "2019.09.03"]
[Round "9"]
[White "Morscas"]
[Black "iLuusions"]
[Result "0-1"]
[WhiteElo "2261"]
[BlackElo "2584"]
[TimeControl "180+2"]
[EndTime "17:07:35 PDT"]
[Termination "iLuusions won by resignation"]

1. e4 c5 2. Nf3 e6 3. b3 b6 4. Bd3 d6 5. O-O Bb7 6. Re1 Nf6 7. Bb2 Nbd7 8. a4 a6 9. Na3 Be7 10. Nc4 O-O 11. e5 dxe5 12. Nfxe5 Nxe5 13. Nxe5 Qd5 14. Bf1 Rfd8 15. Nc4 Qc6 16. Re3 Nd5 17.
Rg3 Bf6 18. Ne5 Qc7 19. Nc4 b5 20. Bxf6 Nxf6 21. Ne3 Ne4 22. axb5 axb5 23. Rxa8 Bxa8 24. Bxb5 Nxg3 25. hxg3 Qa5 26. Bd3 Bc6 27. Nc4 Qa8 28. Qh5 g6 29. Qxc5 Bxg2 30. Ne5 Bd5 31. Ng4 Qa1+ 32.
Bf1 Bf3 33. Qe7 Rf8 34. Nf6+ Kg7 35. Nd7 Ra8 36. Kh2 Qxf1 37. Qf6+ Kg8 38. Qxf3 Ra1 39. Ne5 Qg1+ 40. Kh3 Qh1+ 41. Qxh1 Rxh1+ 42. Kg2 Rd1 43. Nc4 Rb1 44. Kf3 f6 45. Ke3 h5 46. Kd3 g5 47.
Kc3 h4 48. gxh4 gxh4 49. Ne3 f5 0-1

[Event "*** Titled Tuesday Blitz"]
[Site "Chess.com"]
[Date "2019.09.03"]
[Round "9"]
[White "kinga2008"]
[Black "boasovietica"]
[Result "0-1"]
[WhiteElo "1937"]
[BlackElo "2442"]
[TimeControl "180+2"]
[EndTime "17:07:36 PDT"]
[Termination "boasovietica won by checkmate"]

1. e4 e5 2. Nf3 Nc6 3. d4 exd4 4.
Bc4 Nf6 5. O-O d6 6. Nxd4 Be7 7. Nxc6 bxc6 8. Nc3 O-O 9. f4 Nd7 10. Be3 Bf6 11.
Qd2 Re8 12. Bd4 Bxd4+ 13. Qxd4 Bb7 14. Rad1 Nb6 15. Bb3 c5 16. Qd3 a5 17. a4 Ba6 18.
Nb5 c6 19. Bxf7+ Kxf7 20. Nxd6+ Kf8 21. Qh3 Bxf1 22. Qxh7 Qf6 23. Nf5 Bc4 24. Rd6 Qxb2 25. Qh8+ Bg8 26. h3 Qc1+ 27. Kh2 Qxf4+ 28. Kh1 Qe5 29.
Rg6 Rad8 30. Rxg7 Rd1# 0-1

[Event "*** Titled Tuesday Blitz"]
[Site "Chess.com"]
[Date "2019.09.03"]
[Round "9"]
[White "LastHeroJr"]
[Black "nitpicker"]
[Result "0-1"]
[WhiteElo "2488"]
[BlackElo "2264"]
[TimeControl "180+2"]
[EndTime "17:07:39 PDT"]
[Termination "nitpicker won by checkmate"]

1. e4 e5 2. Nf3 Nc6 3. Bc4 Bc5 4. b4 Bxb4 5. c3 Bd6 6. d4 Qe7 7. O-O b6 8. Nbd2 Bb7 9. Re1 f6 10. Nf1 O-O-O 11. Ne3 g6 12. Bd5 Qg7 13. Nc4 Nge7 14. a4 Nxd5 15. exd5 Ne7 16. Nxd6+ cxd6 17. c4 Kc7 18. a5 Ra8 19. a6 Bc8 20. Qc2 h5 21.
c5 bxc5 22. dxc5 dxc5 23. d6+ Kxd6 24. Rd1+ Ke6 25. Qxc5 d5 26. Rxd5 Nxd5 27. Qc6+ Kf7 28. Qxd5+ Be6 29. Qb7+ Kg8 30. Qxa8+ Kh7 31. Qb7 Bf7 32.
Qxa7 g5 33. Qe3 Rd8 34. Bb2 Bd5 35. a7 Ba8 36. Nd2 Qb7 37. Bc3 Qxg2# 0-1

[Event "*** Titled Tuesday Blitz"]
[Site "Chess.com"]
[Date "2019.09.03"]
[Round "9"]
[White "IMRosen"]
[Black "TomPolgar"]
[Result "1-0"]
[WhiteElo "2575"]
[BlackElo "2336"]
[TimeControl "180+2"]
[EndTime "17:07:41 PDT"]
[Termination "IMRosen won on time"]

1. e4 c5 2. Nc3 Nc6 3. Bb5 Nd4 4. Nf3 g6 5. O-O Bg7 6. Nxd4 cxd4 7. Ne2 a6 8. Bd3 d6 9. c3 dxc3 10. dxc3 Nf6 11.
h3 O-O 12. a4 b6 13. Nd4 Bb7 14.
Qe2 Qc7 15. Re1 Nd7 16. Bc2 Rac8 17. Be3 Ne5 18. Rad1 Qc4 19. Qd2 Qc7 20. Bh6 Nc4 21. Qc1 Bxh6 22. Qxh6 Nxb2 23. Nf3 f6 24. Rc1 Nc4 25.
Nd4 Qd7 26. Bb3 Kh8 27. Rcd1 b5 28. axb5 axb5 29. Rd3 Rg8 30. Rg3 Rg7 31. Nf5 Rgg8 32. Nh4 Ne5 33. f4 Nc4 34. Nxg6+ Rxg6 35. Rxg6 e5 36.
Rxf6 Qg7 37. Bxc4 Rxc4 38. Qxg7+ Kxg7 39. Rxd6 Bc6 40. Ra1 Bxe4 41. Ra7+ 1-0

[Event "*** Titled Tuesday Blitz"]
[Site "Chess.com"]
[Date "2019.09.03"]
[Round "9"]
[White "popov_m"]
[Black "NTBT_DHS"]
[Result "0-1"]
[WhiteElo "2621"]
[BlackElo "2727"]
[TimeControl "180+2"]
[EndTime "17:07:43 PDT"]
[Termination "NTBT_DHS won by resignation"]

1. e4 c5 2. Nf3 d6 3. d4 cxd4 4.
Nxd4 Nf6 5. Nc3 g6 6. Be3 Bg7 7. f3 O-O 8. Qd2 Nc6 9. O-O-O d5 10. Kb1 e5 11. Nxc6 bxc6 12. exd5 Nxd5 13. Nxd5 cxd5 14. Qxd5 Qc7 15. Qc5 Qb8 16. Bc4 Bf5 17. g4 Rc8 18. gxf5 Rxc5 19. Bxc5 e4 20. Ba3 Qc7 21. Bd5 Rb8 22.
fxe4 Qe5 23. Bb3 a5 24. fxg6 hxg6 25. Rhf1 a4 26. Bxf7+ Kh7 27. Kc1 Rxb2 28. Bxb2 Qxb2+ 29. Kd2 Qd4+ 30. Ke2 Qxe4+ 31. Kd2 Qd4+ 32. Ke2 Qe5+ 33.
Kf3 Qf5+ 34. Ke3 Qxc2 35. Bd5 Qc3+ 36. Ke4 Qe5+ 37. Kf3 Bh6 38. Rfe1 Qf4+ 39. Kg2 Bg7 40. Bf3 Be5 41. Rd7+ Kh6 42. Re4 Qxh2+ 43. Kf1 Bg3 44.
Re2 Qh3+ 0-1

[Event "*** Titled Tuesday Blitz"]
[Site "Chess.com"]
[Date "2019.09.03"]
[Round "9"]
[White "Mikhail_Golubev"]
[Black "Renier07"]
[Result "1-0"]
[WhiteElo "2449"]
[BlackElo "2588"]
[TimeControl "180+2"]
[EndTime "17:07:52 PDT"]
[Termination "Mikhail_Golubev won by resignation"]

1. e4 e5 2. Nf3 Nc6 3. Nc3 Nf6 4. g3 Bb4 5. Bg2 Bxc3 6. dxc3 d6 7. O-O O-O 8. Nh4 Be6 9. f4 exf4 10. Bxf4 h6 11. Qd2 Re8 12. Rae1 Nh7 13. Nf5 Bxf5 14. exf5 Qd7 15.
g4 Rxe1 16. Rxe1 Re8 17. Rf1 Qe7 18. Bg3 Nf6 19. h3 Ne5 20. Re1 c6 21. Kh1 a6 22.
b3 b5 23. Bxc6 Rc8 24. Bg2 Qc7 25. Re3 Qc5 26. Qd4 Nfd7 27. Qxc5 Rxc5 28. Bb7 a5 29. b4 axb4 30. cxb4 Rxc2 31. Ba6 Nb6 32. Bxe5 dxe5 33. Rxe5 Rxa2 34. Bxb5 Rb2 35. Re8+ Kh7 36. Re4 Nd5 37. Bc4 Nf6 38. Re7 Rxb4 39. Bxf7 Re4 40. Ra7 g5 41.
Bd5+ 1-0

[Event "*** Titled Tuesday Blitz"]
[Site "Chess.com"]
[Date "2019.09.03"]
[Round "9"]
[White "JMatias"]
[Black "ferdipy"]
[Result "0-1"]
[WhiteElo "2335"]
[BlackElo "2171"]
[TimeControl "180+2"]
[EndTime "17:07:55 PDT"]
[Termination "ferdipy won by resignation"]

1. e4 e6 2. d4 d5 3. Nc3 Bb4 4. Ne2 Nf6 5. Bg5 h6 6. Bxf6 Qxf6 7. a3 Be7 8. exd5 O-O 9. Qd2 c6 10. dxc6 Nxc6 11. O-O-O Qxf2 12. Kb1 Bg5 13. Qd3 e5 14. d5 Bf5 15. Qc4 Nd4 16. Nxd4 exd4 17. Ne2 Rac8 18. Qxd4 Bxc2+ 19. Ka2 Qf5 20. Ng3 Qd7 21. Re1 Bf6 22. Qd2 Rfd8 23. Be2 Bg5 24. Qd4 Bf6 25. Qd2 Qxd5+ 26. Qxd5 Rxd5 27. Bf3 Rb5 28. b4 a5 29. Be2 Rb6 30. b5 a4 31. Rc1 Rd6 32. Nh5 Be5 33. Bd1 Rd2 34. Bxc2 Rcxc2+ 35. Rxc2 Rxc2+ 36. Kb1 Rb2+ 37. Kc1 Rxg2 38. Ng3 Bxg3 39. hxg3 Rxg3 40. Kb2 Rb3+ 41. Ka2 Rxb5 42. Rc1 g5 43. Rc4 f5 44.
Rxa4 f4 45. Rd4 Rf5 46. a4 f3 47. Rd1 f2 48. Rf1 g4 49. Kb3 g3 50. Rxf2 0-1

[Event "*** Titled Tuesday Blitz"]
[Site "Chess.com"]
[Date "2019.09.03"]
[Round "9"]
[White "tonyq11"]
[Black "JAN2404"]
[Result "1-0"]
[WhiteElo "2180"]
[BlackElo "1688"]
[TimeControl "180+2"]
[EndTime "17:08:03 PDT"]
[Termination "tonyq11 won by resignation"]

1. e4 c5 2. Nf3 d6 3. Bb5+ Bd7 4. Bxd7+ Nxd7 5. O-O Ngf6 6. Re1 g6 7. c3 Bg7 8. d4 cxd4 9. cxd4 O-O 10. Nc3 Nb6 11. b3 Rc8 12. Bb2 e6 13. Rc1 Re8 14. Qe2 d5 15. e5 Nfd7 16. Ba3 Bh6 17. Rc2 Nb8 18. Nb5 Rxc2 19. Qxc2 a5 20. Nd6 Re7 21. Bc1 Rc7 22. Qb2 Bf8 23. Nb5 Rc8 24. Bg5 Be7 25. Bxe7 Qxe7 26.
Nd6 Rc7 27. Rc1 Nc6 28. a3 f6 29. Nb5 Rc8 30. Qe2 Rd8 31. h4 fxe5 32. Nxe5 Nxe5 33.
Qxe5 Nd7 34. Rc7 Qe8 35. Qf4 Nb6 36. Nd6 Qf8 37. Qxf8+ Kxf8 38. Nxb7 Rc8 39. Rxc8+ Nxc8 40. Nxa5 Nb6 41. Nc6 Ke8 42. Kf1 Kd7 43. Ne5+ Kd6 44. Ke2 Nc8 45. Kd3 Ne7 46. a4 Kc7 47. b4 Kb6 48.
Nd7+ Ka6 49. Nc5+ Kb6 50. Nxe6 Nc6 51. Kc3 Ka6 52. b5+ 1-0

[Event "*** Titled Tuesday Blitz"]
[Site "Chess.com"]
[Date "2019.09.03"]
[Round "9"]
[White "StephenDedalus83"]
[Black "Witik"]
[Result "1-0"]
[WhiteElo "2833"]
[BlackElo "2575"]
[TimeControl "180+2"]
[EndTime "17:08:08 PDT"]
[Termination "StephenDedalus83 won by resignation"]

1. g3 e5 2. Bg2 d5 3. d4 exd4 4. Qxd4 Nf6 5. Bg5 Be7 6. c3 Nc6 7. Qd1 O-O 8. Bxf6 Bxf6 9. Qxd5 Qe7 10. Nd2 Re8 11. Ne4 Be6 12. Qc5 Be5 13. Nf3 Bg4 14. Qxe7 Rxe7 15. O-O Rae8 16. e3 Bxf3 17. Bxf3 Na5 18.
Rad1 b6 19. Rd3 Nc4 20. b3 Nd6 21. Nd2 g6 22. Bc6 Rf8 23. Rd1 h5 24. Kg2 Kg7 25. Nf3 Bf6 26. c4 a5 27. Re1 Bb2 28. Re2 Ba3 29.
e4 Bc5 30. e5 Nf5 31. Be4 Nh6 32.
h3 f6 33. exf6+ Rxf6 34. Rdd2 Nf7 35. Bd5 Rxe2 36. Rxe2 Kf8 37. Bxf7 Rxf7 38. Ne5 Rg7 39. Rd2 Bd6 40. Nd3 Re7 41. Kf3 Kg7 42. Re2 Rf7+ 43. Kg2 Kf6 44. f4 Rd7 45. Kf3 g5 46. fxg5+ Kxg5 47. Nf2 Rf7+ 48. Kg2 Kf5 49. Ne4 Be5 50. Rf2+ Ke6 51. Ng5+ 1-0

[Event "*** Titled Tuesday Blitz"]
[Site "Chess.com"]
[Date "2019.09.03"]
[Round "9"]
[White "jcibarra"]
[Black "chegueps"]
[Result "1-0"]
[WhiteElo "2801"]
[BlackElo "2550"]
[TimeControl "180+2"]
[EndTime "17:08:21 PDT"]
[Termination "jcibarra won by resignation"]

1. e4 c5 2. Nf3 d6 3. d4 cxd4 4. Nxd4 Nf6 5. Nc3 a6 6. Be3 e5 7.
Nf3 Be7 8. Bc4 O-O 9. O-O Nbd7 10. a4 b6 11. Bg5 Bb7 12. Qe2 h6 13. Bxf6 Nxf6 14.
Rfd1 Qc7 15. Nh4 g6 16. Nxg6 Rfc8 17. Bb3 Kg7 18. Nh4 Rg8 19. Nf5+ Kh7 20. Bxf7 Rg5 21. h4 Rg4 22. f3 Rgg8 23. Bxg8+ Rxg8 24. Qe3 Bf8 25. Nd5 Bxd5 26. exd5 Qxc2 27. Rd2 Qxf5 28. Qxb6 Nh5 29. Qxa6 Nf4 30. Qf1 Be7 31. Qb1 Qxb1+ 32. Rxb1 Bd8 33. b4 Bb6+ 34. Kh2 Be3 35. Rc2 Nxd5 36. a5 Bf4+ 37. Kh1 Ne3 38. Ra2 e4 39. fxe4 Rg4 40. a6 Nc4 41. Re1 Bg3 42. Rc1 Nb6 43.
a7 Bf4 44. Rc3 Be5 45. Rc6 Rxe4 46. g4 Na8 47. Rc8 Re1+ 48. Kg2 Re2+ 49. Rxe2 1-0

[Event "*** Titled Tuesday Blitz"]
[Site "Chess.com"]
[Date "2019.09.03"]
[Round "9"]
[White "HouseOfDurin"]
[Black "JakeCarlosBanawa"]
[Result "1-0"]
[WhiteElo "2085"]
[BlackElo "2425"]
[TimeControl "180+2"]
[EndTime "17:08:31 PDT"]
[Termination "HouseOfDurin won by resignation"]

1. d4 Nf6 2. Bg5 e6 3. e4 h6 4. Bxf6 Qxf6 5. e5 Qd8 6. Qg4 d6 7. Nf3 c5 8. Bb5+ Nc6 9. dxc5 dxe5 10. Nxe5 Qd5 11. Nd3 h5 12. Qf3 Qxf3 13. gxf3 Bd7 14. Nc3 Nd4 15. Bxd7+ Kxd7 16. O-O-O Ke8 17. Ne4 Nxf3 18.
Nd6+ Bxd6 19. cxd6 Rd8 20. Nc5 b6 21. Nb7 Rd7 22.
Rd3 Rxb7 23. Rxf3 Rd7 24. Rd1 f6 25. Rc3 Kf7 26. Rc7 Rd8 27. Rxd7+ Rxd7 28. c4 a5 29. a3 e5 30. b4 axb4 31. axb4 Ke6 32. c5 bxc5 33. bxc5 Rd8 34. Kb2 Kd7 35. Kc3 Kc6 36.
Kc4 Ra8 37. d7 Rd8 38. Rd6+ Kc7 39. Kd5 Rxd7 40. Rxd7+ Kxd7 41. h4 Ke7 42. c6 g6 43.
f3 Kd8 44. Ke6 Kc7 45. Kxf6 Kxc6 46. Kxg6 Kd6 47. Kxh5 Ke6 48. Kg5 Kf7 49. Kf5 Kg7 50. Kxe5 1-0

[Event "*** Titled Tuesday Blitz"]
[Site "Chess.com"]
[Date "2019.09.03"]
[Round "9"]
[White "Everyfishknows"]
[Black "goofypenguin96"]
[Result "0-1"]
[WhiteElo "2258"]
[BlackElo "2259"]
[TimeControl "180+2"]
[EndTime "17:08:32 PDT"]
[Termination "goofypenguin96 won on time"]

1. Nf3 Nf6 2. c4 e6 3. g3 Be7 4. Bg2 O-O 5. O-O d5 6. b3 a5 7. Nc3 d4 8. Nb5 c5 9. e3 Nc6 10.
exd4 cxd4 11. Re1 Re8 12. Bb2 Bc5 13. Ne5 Bd7 14. Nxd7 Qxd7 15. d3 e5 16. Bc1 h6 17.
f4 e4 18. dxe4 Ng4 19. Ba3 Bxa3 20. Nxa3 Rad8 21. Bh3 h5 22. Bxg4 hxg4 23. Kg2 d3 24. Nb5 Nd4 25. Nxd4 Qxd4 26. Qxg4 Rxe4 27. Rxe4 Qxe4+ 28. Qf3 Qd4 29. Rd1 d2 30. Qxb7 Re8 31. Qf3 Re3 32.
Qf2 Qe4+ 33. Kh3 Qe6+ 34. Kg2 Re2 35. Rxd2 Qe4+ 36. Kh3 Rxf2 37. Rxf2 f5 38. Rd2 Kh7 39. Rd5 g6 40. Re5 Qf3 41. c5 Kh6 42. c6 Kh5 43.
Re1 Qxc6 44. Re2 Qf3 45. Rd2 Qf1+ 46. Rg2 g5 47. fxg5 Kxg5 48. g4 f4 0-1